 Dungeon Crawl Stone Soup version 0.30.0-30-g96aa6591b8 (webtiles) character file.

Game seed: 13166359081243365753

167 Dordric the Slasher (level 5, -1/38 HPs)
             Began as a Djinni Warper on June 30, 2023.
             Slain by a gnoll
             ... wielding a +0 whip
             ... led by a gnoll bouda
              (2 damage)
             ... on level 3 of the Dungeon.
             The game lasted 00:03:21 (2227 turns).

Dordric the Slasher (Djinni Warper)                 Turns: 2227, Time: 00:03:22

Health: -1/38      AC:  5    Str: 10    XL:     5   Next: 76%
Gold:   228        EV: 12    Int: 14    God:
                   SH:  0    Dex: 15

rFire   + + .        a - +0 falchion
rCold   x . .        (no shield)
rNeg    . . .        b - +0 leather armour
rPois   ∞            (no helmet)
rElec   .            (no cloak)
rCorr   .            j - +1 pair of gloves
SInv    +            (boots unavailable)
Will    .....        (no amulet)
Stlth   +            o - +4 ring of slaying
HPRegen 0.26/turn    k - ring of see invisible
MPRegen 0.00/turn

%: infuse magic (-2 HP)
@: flying
A: sickness immunity, fire resistance 2, cold vulnerability 1, float, innate
caster, HP casting, extra vitality 1
a: no special abilities


You were on level 3 of the Dungeon.
You visited 1 branch of the dungeon, and saw 3 of its levels.

You collected 228 gold pieces.

Inventory:

Hand Weapons
 a - a +0 falchion (weapon)
 s - a +0 sling
Missiles
 d - 7 boomerangs of dispersal
 l - 3 boomerangs (quivered)
Armour
 b - a +0 leather armour (worn)
 j - a +1 pair of gloves (worn)
 q - a +0 scale mail
Jewellery
 k - a ring of see invisible (right hand)
 o - a +4 ring of slaying (left hand)
 p - a ring of fire
 w - a ring of willpower
Scrolls
 c - a scroll of blinking
 f - a scroll of enchant weapon {unknown}
 i - a scroll of fog
 m - a scroll of immolation
 n - 4 scrolls of teleportation
 r - a scroll of enchant armour {unknown}
 y - a scroll of vulnerability {unknown}
 A - a scroll of fear {unknown}
Potions
 e - a potion of mutation {unknown}
 g - 4 potions of curing {unknown}
 h - a potion of lignification {unknown}
 t - a potion of brilliance {unknown}
 u - a potion of haste {unknown}
 v - a potion of resistance {unknown}
 x - 2 potions of degeneration {unknown}
 z - a potion of berserk rage {unknown}


   Skills:
 - Level 2.0 Fighting
 + Level 5.0 Long Blades
 - Level 0.7 Throwing
 - Level 1.0 Armour
 - Level 2.1 Dodging
 - Level 2.4 Spellcasting


You knew the following spells:

 Your Spells              Type           Power      Damage    Failure   Level
a - Blink                 Tloc           16%        N/A       17%         2
b - Lesser Beckoning      Tloc           16%        N/A       17%         2
c - Vhi's Electric Charg  Tloc/Air       16%        N/A       34%         3
d - Teleport Other        Tloc           8%         N/A       34%         3
e - Manifold Assault      Tloc           8%         N/A       75%         4
f - Freeze                Ice            32%        1d5       12%         1
g - Momentum Strike       Conj/Tloc      16%        3d8       17%         2
Your spell library was empty.

Dungeon Overview and Level Annotations

Branches:
Dungeon (3/15)

Altars:

Shops:
D:3 !


Innate Abilities, Weirdness & Mutations

You are immune to sickness and miasma.
You are immune to poison.
Your flesh is very heat resistant. (rF++)
You are vulnerable to cold. (rC-)
You float through the air rather than walking.
You learn spells naturally, not from books.
Your magical power is your life essence.
You have superior vitality. (+4 MHP)


Message History

The gnoll hits you from afar with a +0 halberd!
* * * LOW HITPOINT WARNING * * *
The gnoll bouda gazes fiercely through you!
You feel your attacks grow feeble.
The gnoll bouda hits you with a +0 whip.
* * * LOW HITPOINT WARNING * * *
Cast which spell? (? or * to list)
You blink.
A ball python comes into view.
* * * LOW HITPOINT WARNING * * *
The ball python bites you but does no damage.
The ball python barely misses you. The ball python closely misses you.
The ball python grabs you. The ball python constricts you.
You escape the ball python's grasp.
You feel stable enough to blink again.
The gnoll bouda calls upon its god to heal the gnoll.
The gnoll is healed somewhat.
Your attacks no longer feel as feeble.
The gnoll hits you but does no damage.
The gnoll bouda mumbles some strange prayers to its god.
The gnoll bouda is healed somewhat.
The gnoll closely misses you.
The gnoll is no longer moving quickly. x2
You see here a book of Touch.
The ball python attacks as you move away!
The ball python bites you.
* * * LOW HITPOINT WARNING * * *
The ball python closely misses you.
The gnoll is no longer moving quickly.
The ball python barely misses you. The ball python grabs you.
The ball python constricts you.
You escape the ball python's grasp.
The gnoll bouda barks out a call to the hunt!
The gnolls pick up the pace!
The gnoll is no longer moving quickly.
The gnoll barely misses you. The gnoll hits you with a +0 whip.
* * * LOW HITPOINT WARNING * * *
The gnoll attacks as you move away! The gnoll hits you with a +0 whip.
* * * LOW HITPOINT WARNING * * *
The gnoll attacks as you move away! The gnoll hits you with a +0 whip.
You die...

# #..∩....# #.# ##...### #
############ #.# #..g# #
##...## #÷# #...# #
####.....###.#### #...#
#...............######...###
###
#..........#.##...g.g.......
..#
#..........#..g...g.........
#.#
#..........#g.#..:..........
#.#
#....<.....@gSg.######...###
..# ####.......#..#÷# #...#
..# ##...#.......# #...# ..###
##........#.# #...# ....#
####.....#.######...# .##.##
####........>..##...### .....#
#......#.##......#).... ###..#
#.##.#.#.#...#.#.#.###.
###..######.##.#.#..#........#
#.


You could see a gnoll bouda, 5 gnolls and a ball python.

Vanquished Creatures
  A hound (D:3)
  A jelly (D:3)
  3 adders
  2 worms
  2 dart slugs (D:1)
  5 orcs
  4 bats
  5 endoplasms
  A giant cockroach (D:2)
  8 goblins
  4 hobgoblins
  2 jackals (D:1)
  4 quokkas
  7 ball pythons (D:1)
  5 frilled lizards
  4 kobolds
  3 rats
61 creatures vanquished.

Notes
Turn   | Place    | Note
-------+----------+-------------------------------------------
     0 | D:1      | Dordric the Djinni Warper began the quest for the Orb.
     0 | D:1      | Dordric set off with the following spells memorised: Blink,
                  | Lesser Beckoning, Vhi's Electric Charge, Teleport Other,
                  | Manifold Assault.
     0 | D:1      | Reached XP level 1. HP: 18/18 MP: 0/0
    28 | D:1      | Reached skill level 2 in Long Blades
   108 | D:1      | Reached XP level 2. HP: 20/23 MP: 0/0
   344 | D:1      | Reached skill level 3 in Long Blades
   344 | D:1      | Reached XP level 3. HP: 19/28 MP: 0/0
   344 | D:1      | Learned a level 1 spell: Freeze
   933 | D:2      | Reached XP level 4. HP: 33/33 MP: 0/0
  1313 | D:2      | Reached skill level 4 in Long Blades
  1771 | D:3      | Found Rukiyd's Distillery.
  1822 | D:3      | Reached XP level 5. HP: 27/38 MP: 0/0
  1822 | D:3      | Learned a level 2 spell: Momentum Strike
  1961 | D:3      | Reached skill level 5 in Long Blades
  2227 | D:3      | HP: 1/38 [gnoll/+0 whip[a gnoll bouda] (1)]
  2227 | D:3      | Slain by a gnoll

Illustrated notes

Levels and vault maps discovered:
D:1:      dpeg_arrival_houses_and_road, layout_basic
D:2:      kennysheep_six_static_rooms, layout_basic
D:3:      layout_loops_cross, serial_shops, shop

Skill      XL: |  1  2  3  4  5 |
---------------+----------------+-----
Long Blades    | 2 3 4 5 |  5.0
Fighting       | |  2.0
Throwing       | |  0.7
Armour         | |  1.0
Dodging        | |  2.1
Spellcasting   | |  2.4

Action                     |  1- 3 |  4- 6 || total
---------------------------+-------+-------++-------
  Melee: Falchion          |    91 |    43 ||   134
   Fire: Sling             |    10 |   102 ||   112
  Throw: Boomerang         |    10 |       ||    10
   Cast: Blink             |       |     1 ||     1
    Use: Scroll            |       |     3 ||     3
 Armour: Leather armour    |    39 |    34 ||    73
  Dodge: Dodged            |    68 |    61 ||   129
